 Dungeon Crawl Stone Soup version 0.28.0-43-g3370ac3207 (webtiles) character file.

Game seed: 3554227957240046947

975 Orthodox the Fighter (level 7, -5/64 (69) HPs)
             Began as a Minotaur Fighter on Mar 3, 2022.
             Slain by a wight
             ... wielding a +1 halberd
              (13 damage)
             ... on level 5 of the Dungeon.
             The game lasted 00:07:39 (4781 turns).

Orthodox the Fighter (Minotaur Fighter)             Turns: 4781, Time: 00:07:40

HP:   -5/64 (69)    AC:  8    Str: 20    XL:     7   Next: 95%
MP:   6/6           EV:  9    Int:  5    God:
Gold: 227           SH:  5    Dex: 12    Spells: 6/6 levels left

rFire   . . .      SeeInvis .   a - +0 long sword
rCold   . . .      Faith    .   c - +0 buckler
rNeg    . . .      Spirit   .   b - +0 scale mail
rPois   .          Reflect  .   (helmet restricted)
rElec   .          Harm     .   j - scarf {shadows}
rCorr   .          Rampage  .   (no gloves)
Will    +....                   r - +0 pair of boots
Stlth   ..........              d - amulet of magic regeneration
HPRegen 0.20/turn               p - ring of flight
MPRegen 0.50/turn               s - ring of willpower

@: flying, drained
A: horns 2, retaliatory headbutt
a: no special abilities


You were on level 5 of the Dungeon.
You visited 1 branch of the dungeon, and saw 5 of its levels.

You collected 227 gold pieces.

Inventory:

Hand Weapons
 a - a +0 long sword (weapon)
Missiles
 e - 5 javelins (quivered)
Armour
 b - a +0 scale mail (worn)
 c - a +0 buckler (worn)
 j - a scarf of shadows (worn)
 r - a +0 pair of boots (worn)
Jewellery
 d - an amulet of magic regeneration (around neck)
 p - a ring of flight (left hand)
 s - a ring of willpower (right hand)
Wands
 x - a wand of polymorph (6)
Scrolls
 f - a scroll of magic mapping
 g - a scroll of summoning
 k - a scroll of vulnerability
 l - 2 scrolls of amnesia
 m - a scroll of brand weapon
 n - 3 scrolls of teleportation
 o - a scroll of holy word {unknown}
 u - a scroll of immolation {unknown}
Potions
 h - 2 potions of berserk rage {unknown}
 q - a potion of mutation {unknown}
 t - a potion of heal wounds {unknown}
 v - a potion of degeneration {unknown}
 w - a potion of lignification {unknown}


   Skills:
 + Level 8.4 Fighting
 + Level 7.9 Long Blades
 - Level 4.0 Armour
 - Level 4.0 Shields


You had 6 spell levels left.
You didn't know any spells.
Your spell library was empty.

Dungeon Overview and Level Annotations

Branches:
Dungeon (5/15)
 Temple: D:4-7

Altars:
Cheibriados
Gozag

Shops:
D:2 *


Innate Abilities, Weirdness & Mutations

You have a pair of horns on your head.
You reflexively headbutt those who attack you in melee.


Message History

The wight barely misses you. You furiously retaliate!
You headbutt the wight!
Your life force feels restored.
You closely miss the wight.
The wight is heavily damaged.
The wight closely misses you. The wight hits you with a +2 battleaxe!
You feel drained.
You take 7 damage, and have 45/67 hp.
You hit the wight.
The wight is almost destroyed.
The wight hits you from afar with a +1 halberd.
The wight barely misses you. You block the wight's attack.
You take 2 damage, and have 43/67 hp.
You slash the wight!
You destroy the wight!
The wight closely misses you.
Your life force feels restored.
You swing at nothing.
The wight hits you from afar with a +1 halberd!
You feel drained.
You take 8 damage, and have 35/67 hp.
You swing at nothing.
The wight barely misses you. The wight hits you with a +1 halberd.
You feel drained.
Items here: ))) [[[.
You take 6 damage, and have 29/66 hp.
You barely miss the wight. The wight misses you.
You closely miss the wight. You headbutt the wight.
The wight is moderately damaged.
The wight hits you with a +1 halberd!
* * * LOW HITPOINT WARNING * * *
You feel drained.
* * * LOW HITPOINT WARNING * * *
You take 21 damage, and have 8/64 hp.
MASSIVE DAMAGE!!
You hit the wight.
The wight is heavily damaged.
The wight barely misses you.
Unknown command.
Okay, then.
Unknown command.
The wight hits you from afar with a +1 halberd!
You die...

.#..####...............#
.#......#.#+#..........#
....###.#.#.#..........#
.#....#+#...'..........#.
.#........#.#............
.#........#.#....#....#
.#........#+#.##.#<...#
..............##.#....#
..###+#+#.....##@#....#
..# #.....##)#....# #.#
..... #z#...... ..#
#.#..#.##. ### ##.#..#.#
#.....# #.####.##
.......## #.#....z#####+#


You could see a wight.

Vanquished Creatures
  A wyvern (D:4)
  A black bear (D:5)
  An ogre (D:4)
  A scorpion (D:5)
  3 wights (D:5)
  2 bullfrog zombies
  A hound (D:4)
  A jelly (D:4)
  An orc priest (D:3)
  3 iguanas (D:5)
  A hound skeleton (D:4)
  7 gnolls
  7 adders
  4 worms
  A dart slug (D:4)
  10 orcs
  4 bats
  10 endoplasms
  2 giant cockroaches
  8 hobgoblins
  6 jackals (D:1)
  6 ball pythons
  3 frilled lizards
  7 goblins
  2 kobolds
  4 rats
97 creatures vanquished.

Notes
Turn   | Place    | Note
-------+----------+-------------------------------------------
     0 | D:1      | Orthodox the Minotaur Fighter began the quest for the Orb.
     0 | D:1      | Reached XP level 1. HP: 19/19 MP: 0/0
   321 | D:1      | Reached XP level 2. HP: 23/27 MP: 1/1
   623 | D:1      | Found a faded altar of an unknown god.
   785 | D:1      | Reached skill level 4 in Fighting
  1036 | D:2      | Reached XP level 3. HP: 33/33 MP: 2/2
  1484 | D:2      | Found Podaunan's Assorted Antiques.
  1632 | D:2      | Reached XP level 4. HP: 41/41 MP: 3/3
  1972 | D:3      | Reached skill level 5 in Fighting
  2309 | D:3      | Found an opulent altar of Gozag.
  2484 | D:2      | Reached XP level 5. HP: 42/48 MP: 4/4
  2684 | D:3      | Found an opulent altar of Gozag.
  2688 | D:3      | Found an opulent altar of Gozag.
  2694 | D:3      | Found an opulent altar of Gozag.
  2922 | D:4      | Reached skill level 5 in Long Blades
  3079 | D:4      | Noticed a wyvern
  3084 | D:4      | Reached skill level 6 in Fighting
  3374 | D:4      | Found a snail-covered altar of Cheibriados.
  3409 | D:4      | Reached XP level 6. HP: 51/57 MP: 5/5
  3772 | D:4      | Killed a wyvern
  3773 | D:4      | Reached skill level 7 in Fighting
  3773 | D:4      | Reached XP level 7. HP: 31/66 MP: 6/6
  4244 | D:5      | Entered Level 5 of the Dungeon
  4731 | D:5      | Reached skill level 8 in Fighting
  4781 | D:5      | Slain by a wight

Illustrated notes

Levels and vault maps discovered:
D:1:      onia_arrival_handbag, layout_basic, ebering_ecumenical_altar_box
D:2:      layout_rooms, serial_shops, shop, kennysheep_generic_room_8
D:3:      layout_loops_ring, nicolae_gozag_conspicuous_consumption,
          serial_glass, glass_columns_b, glass_columns_b, glass_columns_a,
          glass_columns_a, glass_columns_b, glass_columns_a
D:4:      layout_rooms, lemuel_crystal_altar, dk_rats_in_the_wall
D:5:      layout_basic, fiery_altar_vehumet, ebering_ghost_sewer_d

Skill      XL: |  1  2  3  4  5  6  7 |
---------------+----------------------+-----
Armour         | 4 |  4.0
Fighting       | 4 5 6 7 8 |  8.4
Long Blades    | 3 4 5 6 7 |  7.9
Shields        | 4 |  4.0

Action                   |  1- 3 |  4- 6 |  7- 9 || total
-------------------------+-------+-------+-------++-------
Melee: Long sword        |    94 |   146 |    49 ||   289
       Headbutt          |    13 |    20 |    10 ||    43
  Use: Scroll            |       |     5 |     1 ||     6
       Potion            |       |     1 |       ||     1
Armor: Scale mail        |    32 |    60 |    15 ||   107
Dodge: Dodged            |    40 |    70 |    25 ||   135
Block: Buckler           |    15 |    36 |    17 ||    68
